 Dungeon Crawl Stone Soup version 0.30.0 (webtiles) character file.

Game seed: 10050668302083755815

58 Meow the Conjurer (level 4, 36/36 HPs)
             Began as a Naga Conjurer on Dec 20, 2023.
             Quit the game on level 2 of the Dungeon.
             The game lasted 00:03:43 (1522 turns).

Meow the Conjurer (Naga Conjurer)                   Turns: 1522, Time: 00:03:43

Health: 36/36      AC:  4    Str:  9    XL:     4   Next: 1%
Magic:  4/8        EV:  9    Int: 20    God:
Gold:   82         SH:  0    Dex: 10    Spells: 6/9 levels left

rFire   . . .        a - +1 dagger (vamp)
rCold   . . .        (no shield)
rNeg    . . .        f - +0 robe
rPois   +            (no helmet)
rElec   .            j - +1 cloak
rCorr   .            (no gloves)
SInv    +            (no barding)
Will    .....        (no amulet)
Stlth   ++           (no ring)
HPRegen 0.26/turn    (no ring)
MPRegen 0.11/turn

%: no passive effects
@: very slow
A: AC +1, large, see invisible, deformed body, poison resistance, slowness 2,
spit poison 1, naga tail 1
a: Spit Poison


You were on level 2 of the Dungeon.
You visited 1 branch of the dungeon, and saw 2 of its levels.

You collected 82 gold pieces.

Inventory:

Hand Weapons
 a - a +1 vampiric dagger (weapon)
Missiles
 d - 22 stones
Armour
 f - a +0 robe (worn)
 j - a +1 cloak (worn)
Scrolls
 c - a scroll of teleportation {unknown}
 e - a scroll of butterflies {unknown}
 g - a scroll of fog {unknown}
 i - a scroll of identify {unknown}
 k - a scroll of amnesia {unknown}
 n - a scroll of magic mapping {unknown}
Potions
 b - a potion of magic
 h - a potion of attraction {unknown}
 l - a potion of haste {unknown}
 m - a potion of berserk rage {unknown}


   Skills:
 - Level 1.5 Dodging
 - Level 3.0 Stealth
 + Level 3.0 Spellcasting
 + Level 4.8 Conjurations


You had 6 spell levels left.
You knew the following spells:

 Your Spells              Type           Power      Damage    Failure   Level
a - Magic Dart            Conj           88%        1d7       1%          1
b - Searing Ray           Conj           44%        2d6       3%          2

Your spell library contained the following spells:

 Spells                   Type           Power      Damage    Failure   Level
 Dazzling Flash           Conj/Hex       24%        N/A       16%         3
 Fulminant Prism          Conj/Hex       6%         3d7       45%         4
 Iskenderun's Mystic Bla  Conj/Tloc      12%        2d5       45%         4
 Anguish                  Hex/Necr       1%         N/A       80%         4
 Cause Fear               Hex            1%         N/A       80%         4
 Agony                    Necr           3%         N/A       98%         5
 Silence                  Hex/Air        1%         N/A       98%         5
 Enfeeble                 Hex            1%         N/A       100%        7


Dungeon Overview and Level Annotations

Branches:
Dungeon (2/15)

Altars:

Shops:
D:2 [


Innate Abilities, Weirdness & Mutations

Your serpentine skin is tough. (AC +1)
You have supernaturally acute eyesight. (SInv)
Armour fits poorly on your strangely shaped body.
Your system is resistant to poisons. (rPois)
You cover ground very slowly.
You can spit poison.
You have a snake-like lower body.


Message History

Casting: Magic Dart (safe; 1% risk of failure)
Confirm with . or Enter, or press ? or * to list all spells.
Aiming: Magic Dart (safe; 1% risk of failure)
Press: ? - help, Shift-Dir - straight line, f/p - hobgoblin
Aim: a hobgoblin (almost dead, 100% to hit)
The magic dart hits the hobgoblin.
You kill the hobgoblin!
Unknown command.
You start resting.
You have got your breath back.
You start resting.
Magic restored.
There is an open door here.
There is a stone staircase leading down here.
You see here a hobgoblin corpse.
Casting: Magic Dart (safe; 1% risk of failure)
Confirm with . or Enter, or press ? or * to list all spells.
Aiming: Magic Dart (safe; 1% risk of failure)
Press: ? - help, Shift-Dir - straight line, f - dart slug
Aim: a dart slug (wandering, hasn't noticed you, 100% to hit)
The magic dart hits the dart slug.
The dart slug is moderately wounded.
Casting: Magic Dart (safe; 1% risk of failure)
Confirm with . or Enter, or press ? or * to list all spells.
Aiming: Magic Dart (safe; 1% risk of failure)
Press: ? - help, Shift-Dir - straight line, f/p - dart slug
Aim: a dart slug (moderately wounded, 100% to hit)
The magic dart hits the dart slug.
The dart slug is almost dead.
Casting: Magic Dart (safe; 1% risk of failure)
Confirm with . or Enter, or press ? or * to list all spells.
Aiming: Magic Dart (safe; 1% risk of failure)
Press: ? - help, Shift-Dir - straight line, f/p - dart slug
Aim: a dart slug (almost dead, 100% to hit)
The magic dart hits the dart slug.
You kill the dart slug!
You have reached level 4!
You feel agile.
There is an entrance to Hackal's Armour Shoppe here.
Are you sure you want to abandon this character and quit the game? (Confirm with "yes".)

#.....#.#...
###.......#
#.....#.#.#.
+........†#
#.....#.....
#........#
###+#.#...#' #.......#
#.#.#<.... #.......#
#.#.'..... #.......#
#.###.....
#.......#####.........
#....@.....####.......
##########..†..>......
########..... ######


There were no monsters in sight!

Vanquished Creatures
  A gnoll (D:1)
  A worm (D:2)
  A dart slug (D:2)
  3 ball pythons (D:1)
  4 bats (D:1)
  4 giant cockroaches
  4 goblins (D:1)
  6 hobgoblins
  4 quokkas (D:1)
  2 frilled lizards (D:1)
  5 kobolds
  3 rats (D:1)
38 creatures vanquished.

Notes
Turn   | Place    | Note
-------+----------+-------------------------------------------
     0 | D:1      | Meow the Naga Conjurer began the quest for the Orb.
     0 | D:1      | Reached XP level 1. HP: 15/15 MP: 3/3
   252 | D:1      | Reached XP level 2. HP: 22/22 MP: 1/5
   255 | D:1      | Learned a level 2 spell: Searing Ray
   691 | D:1      | Reached XP level 3. HP: 28/28 MP: 4/7
  1339 | D:2      | Found Hackal's Armour Shoppe.
  1519 | D:2      | Reached XP level 4. HP: 36/36 MP: 4/8
  1522 | D:2      | Quit the game

Illustrated notes

Levels and vault maps discovered:
D:1:      dpeg_arrival_castle, layout_basic, minmay_ruptured
D:2:      layout_basic, serial_shops, shop, basic_altar,
          chequers_ecumenical_altar_lobes

Skill      XL: |  1  2  3 |
---------------+----------+-----
Spellcasting   | 3 |  3.0
Dodging        | |  1.5
Stealth        | |  3.0
Conjurations   | |  4.8

Action                     |  1- 3 |  4- 6 || total
---------------------------+-------+-------++-------
   Cast: Magic Dart        |    41 |       ||    41
         Searing Ray       |     4 |       ||     4
Ability: Spit Poison       |    24 |       ||    24
 Armour: Robe              |     2 |       ||     2
